 Dungeon Crawl Stone Soup version 0.27.1-4-g1640c2035a (webtiles) character file.

Game seed: 12295184859011109598

4352 ZappyNine the Martial Artist (level 10, -10/91 HPs)
             Began as a Gnoll Transmuter on Nov 7, 2021.
             Was a Follower of Qazlal.
             Killed from afar by a deep elf pyromancer (30 damage)
             ... with a bolt of fire
             ... on level 8 of the Dungeon.
             The game lasted 00:15:05 (8851 turns).

ZappyNine the Martial Artist (Gnoll Transmuter)     Turns: 8851, Time: 00:15:06

Health: -10/91     AC:  7    Str: 10    XL:     10   Next: 34%
Magic:  0/20       EV: 12    Int: 15    God:    Qazlal [*.....]
Gold:   337        SH:  2    Dex: 13    Spells: 11/23 levels left

rFire    x . .     SeeInvis .     - Unarmed
rCold    + + +     Faith    .   (shield currently unavailable)
rNeg     . . .     Spirit   +   (armour currently unavailable)
rPois    +         Reflect  .   (helmet currently unavailable)
rElec    .         Harm     .   (cloak currently unavailable)
rCorr    .         Rampage  .   (gloves currently unavailable)
Will     .....                  (boots currently unavailable)
Stlth    +++.......             k - amulet of guardian spirit
HPRegen  0.25/turn              (no ring)
MPRegen  0.17/turn              (no ring)

@: ice-form, wereblooded
A: freezing attack, amphibious, boosted hp, large, (fangs 1), strong nose,
distributed training
a: End Transformation, Renounce Religion


You were on level 8 of the Dungeon.
You worshipped Qazlal.
Qazlal was aware of your devotion.
You were a creature of crystalline ice.
You visited 2 branches of the dungeon, and saw 9 of its levels.

You collected 337 gold pieces.

Inventory:

Hand Weapons
 b - a +3 dagger
Armour
 a - a +0 robe (melded)
 f - a +1 cloak (melded)
 v - a +0 buckler
Jewellery
 k - an amulet of guardian spirit (around neck)
Wands
 r - a wand of iceblast (15)
 t - a wand of acid (12)
 x - a wand of mindburst (15)
 y - a wand of digging (5)
Scrolls
 c - a scroll of fog
 d - a scroll of amnesia
 e - 2 scrolls of identify
 i - 2 scrolls of enchant armour
 j - 6 scrolls of teleportation
 l - a scroll of magic mapping
 m - 2 scrolls of blinking
Potions
 g - a potion of heal wounds
 h - a potion of berserk rage {unknown}
 n - a potion of magic {unknown}
 o - a potion of flight
 s - 2 potions of brilliance {unknown}
 w - a potion of curing {unknown}
 z - 3 potions of haste {unknown}


   Skills:
 + Level 5.8 Fighting
 + Level 5.2 Short Blades
 + Level 5.2 Long Blades
 + Level 5.2 Axes
 + Level 5.2 Maces & Flails
 + Level 5.2 Polearms
 + Level 5.2 Staves
 + Level 5.2 Slings
 + Level 5.2 Bows
 + Level 5.2 Crossbows
 + Level 5.2 Throwing
 + Level 5.2 Armour
 + Level 7.0 Dodging
 + Level 5.2 Stealth
 + Level 5.2 Shields
 + Level 8.4 Unarmed Combat
 + Level 7.3 Spellcasting
 + Level 4.3 Conjurations
 + Level 4.3 Hexes
 + Level 4.3 Summonings
 + Level 4.3 Necromancy
 + Level 4.3 Translocations
 + Level 5.8 Transmutations
 + Level 4.3 Fire Magic
 + Level 4.3 Ice Magic
 + Level 4.3 Air Magic
 + Level 4.3 Earth Magic
 + Level 4.3 Poison Magic
 + Level 5.7 Invocations
 + Level 5.2 Evocations


You had 11 spell levels left.
You knew the following spells:

 Your Spells              Type           Power      Damage    Failure   Level
a - Beastly Appendage     Tmut           44%        N/A       1%          1
b - Wereblood             Tmut           22%        N/A       1%          2
c - Spider Form           Tmut/Pois      10%        N/A       4%          3
d - Ice Form              Ice/Tmut       20%        N/A       16%         4
e - Poisonous Vapours     Pois/Air       36%        N/A       3%          2

Your spell library contained the following spells:

 Spells                   Type           Power      Damage    Failure   Level
 Corpse Rot               Necr/Air       N/A        N/A       3%          2
 Sublimation of Blood     Necr           9%         N/A       3%          2
 Conjure Flame            Conj/Fire      18%        6-21      7%          3
 Petrify                  Tmut/Erth      20%        N/A       16%         4
 Irradiate                Conj/Tmut      10%        3d17      41%         5
 Freezing Cloud           Conj/Ice/Air   9%         6-21      52%         5
 Starburst                Conj/Fire      9%         6d5       98%         6
 Death's Door             Necr           9%         N/A       100%        9


Dungeon Overview and Level Annotations

Branches:
Dungeon (8/15)             Temple (1/1) D:5
   Lair: D:8-11

Altars:
Ashenzari
Cheibriados
Dithmenos
Elyvilon
Fedhas
Hepliaklqana
Kikubaaqudgha
Nemelex Xobeh
Qazlal
Sif Muna
Trog
Uskayaw
Wu Jian
Xom
Zin
The Shining One


Innate Abilities, Weirdness & Mutations

You are a creature of crystalline ice.
You have a powerful freezing melee attack.
You are amphibious.
Your maximum health is increased.
Your armour is entirely melded.
You are incapable of wielding weapons or throwing items.
((You have very sharp teeth.))
Your uncanny sense of smell can sniff out nearby items.
Your experience applies equally to all skills.


Message History

You are too injured to fight recklessly!
You are too injured to fight recklessly!
You are too injured to fight recklessly!
You are too injured to fight recklessly!
You are too injured to fight recklessly!
Unknown command.
You punch the yak! You freeze the yak.
You feel a bit better.
You kill the yak!
Qazlal accepts your kill. The kobold closely misses you.
Your Dodging skill increases to level 7!
Unknown command.
You punch the yak! You freeze the yak.
The yak is heavily wounded.
The yak gores you!
You pummel the yak!! You freeze the yak.
You feel a bit better.
You kill the yak!
Qazlal accepts your kill.
You punch the kobold! You freeze the kobold.
You feel a bit better.
You kill the kobold!
Qazlal accepts your kill.
You start resting.
You howl as the wereblood boils in your veins!
You start resting.
A deep elf pyromancer comes into view. It is wielding a +0 rapier.
A deep elf pyromancer is nearby!
The deep elf pyromancer gestures at you while chanting.
The sticky flame hits you. The fire burns you terribly!
You are covered in liquid flames!
You are covered in liquid flames!
You howl as the wereblood boils in your veins!
You are covered in liquid flames!
* * * LOW HITPOINT WARNING * * *
You howl as the wereblood boils in your veins!
You are covered in liquid flames!
* * * LOW HITPOINT WARNING * * *
The sentinel's mark upon you fades away.
The deep elf pyromancer casts a spell at you.
The bolt of fire hits you!! The fire burns you terribly!
You die...

#. #....+ #. +..).# #. #....# #.
###+###+## #....######.
##....##..###+##......#..##
#..............#......#....
+...).e........+......#....
.########'#####.Y###.#....>.#'###
..............#..# #.#####...).#
......).......#....#....)#.....#
.....)........+....#....)).....#
..............########'###.....#
######+##'##....#.####...#....##
#......'....#........#....#
#......#....'........#....#
#####+##....#..#######....#


You could see a deep elf pyromancer.

Vanquished Creatures
  Pikel (D:8)
  Prince Ribbit (D:7)
  Sigmund (D:4)
  4 yaks (D:8)
  A steam dragon (D:6)
  A wyvern (D:5)
  An acid dragon (D:7)
  A water moccasin (D:6)
  A sky beast (D:6)
  3 orc warriors
  A necrophage (D:6)
  A black bear (D:6)
  4 ogres
  A phantom (D:7)
  3 kobold brigands
  2 bullfrogs (D:7)
  2 scorpions (D:6)
  2 wyvern zombies
  2 wyvern skeletons (D:7)
  2 water moccasin skeletons
  3 howler monkeys (D:7)
  A centaur zombie (D:7)
  3 orc priests
  3 hounds
  A gnoll shaman (D:5)
  A bullfrog skeleton (D:5)
  4 iguanas
  2 orc wizards
  A scorpion zombie (D:5)
  A howler monkey zombie (D:7)
  5 gnolls (D:5)
  2 adders
  A shadow imp (D:7)
  2 white imps
  An adder skeleton (D:5)
  4 worms
  5 dart slugs
  21 orcs
  5 bats
  8 endoplasms
  2 giant cockroaches
  8 goblins
  7 hobgoblins
  2 jackals (D:4)
  5 quokkas
  6 ball pythons
  3 frilled lizards
  14 kobolds
  9 rats
165 creatures vanquished.

Notes
Turn   | Place    | Note
-------+----------+-------------------------------------------
     0 | D:1      | ZappyNine the Gnoll Transmuter began the quest for the Orb.
     0 | D:1      | Reached XP level 1. HP: 17/17 MP: 6/6
   158 | D:1      | Reached XP level 2. HP: 17/23 MP: 5/7
   167 | D:1      | Learned a level 2 spell: Wereblood
   762 | D:1      | Reached XP level 3. HP: 28/28 MP: 5/9
   767 | D:1      | Reached skill level 5 in Spellcasting
  1222 | D:1      | Reached skill level 1 in Invocations
  1844 | D:2      | Reached skill level 1 in Short Blades
  1844 | D:2      | Reached skill level 1 in Long Blades
  1844 | D:2      | Reached skill level 1 in Axes
  1844 | D:2      | Reached skill level 1 in Maces & Flails
  1844 | D:2      | Reached skill level 1 in Polearms
  1844 | D:2      | Reached skill level 1 in Staves
  1844 | D:2      | Reached skill level 1 in Slings
  1844 | D:2      | Reached skill level 1 in Bows
  1844 | D:2      | Reached skill level 1 in Crossbows
  1844 | D:2      | Reached skill level 1 in Throwing
  1844 | D:2      | Reached skill level 1 in Armour
  1844 | D:2      | Reached skill level 1 in Stealth
  1844 | D:2      | Reached skill level 1 in Shields
  1844 | D:2      | Reached skill level 1 in Evocations
  1854 | D:2      | Learned a level 3 spell: Spider Form
  1939 | D:2      | Found a faded altar of an unknown god.
  1948 | D:2      | Reached XP level 4. HP: 34/34 MP: 11/11
  2494 | D:3      | Found a sparkling altar of Nemelex Xobeh.
  2512 | D:3      | Found a shimmering blue altar of Sif Muna.
  2513 | D:3      | Found an ancient bone altar of Kikubaaqudgha.
  2925 | D:3      | Reached skill level 1 in Conjurations
  2925 | D:3      | Reached skill level 1 in Hexes
  2925 | D:3      | Reached skill level 1 in Summonings
  2925 | D:3      | Reached skill level 1 in Necromancy
  2925 | D:3      | Reached skill level 1 in Translocations
  2925 | D:3      | Reached skill level 1 in Fire Magic
  2925 | D:3      | Reached skill level 1 in Ice Magic
  2925 | D:3      | Reached skill level 1 in Air Magic
  2925 | D:3      | Reached skill level 1 in Earth Magic
  2925 | D:3      | Reached skill level 1 in Poison Magic
  2934 | D:3      | Reached XP level 5. HP: 16/40 MP: 3/12
  3691 | D:4      | Noticed Sigmund
  3716 | D:4      | Killed Sigmund
  3717 | D:4      | Reached skill level 5 in Dodging
  3717 | D:4      | Reached XP level 6. HP: 34/47 MP: 5/14
  4138 | D:4      | Reached skill level 7 in Unarmed Combat
  4138 | D:4      | Reached XP level 7. HP: 43/52 MP: 9/15
  4231 | D:4      | You fall into a shaft and drop 3 floors!
  4514 | D:5      | Entered Level 5 of the Dungeon
  4590 | D:5      | Noticed a wyvern
  4601 | D:5      | Killed a wyvern
  4816 | D:5      | Reached XP level 8. HP: 54/60 MP: 16/16
  5297 | D:5      | Found a staircase to the Ecumenical Temple.
  5386 | Temple   | Entered the Ecumenical Temple
  5616 | Temple   | Became a worshipper of Qazlal Stormbringer
  6108 | D:6      | Found a glowing silver altar of Zin.
  6167 | D:6      | Learned a level 4 spell: Ice Form
  6583 | D:6      | Reached XP level 9. HP: 47/66 MP: 8/18
  6592 | D:6      | Reached skill level 5 in Transmutations
  7466 | D:7      | Noticed Prince Ribbit
  7505 | D:7      | Reached skill level 5 in Fighting
  7505 | D:7      | Killed Prince Ribbit
  7643 | D:7      | Reached * piety under Qazlal
  7644 | D:7      | Reached skill level 8 in Unarmed Combat
  7673 | D:7      | Reached skill level 5 in Invocations
  8052 | D:7      | Learned a level 2 spell: Poisonous Vapours
  8078 | D:7      | Got the Collected Works on Flamy Sinister Rites
  8456 | D:8      | Noticed Pikel
  8476 | D:8      | Killed Pikel
  8477 | D:8      | Reached skill level 5 in Short Blades
  8477 | D:8      | Reached skill level 5 in Long Blades
  8477 | D:8      | Reached skill level 5 in Axes
  8477 | D:8      | Reached skill level 5 in Maces & Flails
  8477 | D:8      | Reached skill level 5 in Polearms
  8477 | D:8      | Reached skill level 5 in Staves
  8477 | D:8      | Reached skill level 5 in Slings
  8477 | D:8      | Reached skill level 5 in Bows
  8477 | D:8      | Reached skill level 5 in Crossbows
  8477 | D:8      | Reached skill level 5 in Throwing
  8477 | D:8      | Reached skill level 5 in Armour
  8477 | D:8      | Reached skill level 5 in Stealth
  8477 | D:8      | Reached skill level 5 in Shields
  8477 | D:8      | Reached skill level 5 in Evocations
  8477 | D:8      | Reached XP level 10. HP: 38/76 MP: 5/20
  8846 | D:8      | Noticed a deep elf pyromancer
  8851 | D:8      | Killed from afar by a deep elf pyromancer

Illustrated notes

Levels and vault maps discovered:
D:1:      onia_arrival_handbag, layout_basic
D:2:      layout_loops_cross, ebering_ecumenical_altar_box
D:3:      layout_basic, mainiacjoe_overflow_cross_hatched, jmf_multi_god_temple
D:4:      layout_loops_corners, lemuel_zombie_altar_yredelemnul,
          mainiacjoe_overflow_large_starburst, fountainhead, uniq_sigmund
D:5:      layout_basic, minmay_temple_entry_mist
D:6:      layout_cave_pods, old_standard_altar
D:7:      minmay_octagon_keep, layout_rooms, uniq_prince_ribbit1
D:8:      layout_gridville, vehumet_altar_wand_db, uniq_pikel
Temple:   minmay_temple_bridge_abc

Skill      XL: |  1  2  3  4  5  6  7  8  9 10 |
---------------+-------------------------------+-----
Spellcasting   | 5 6 7 |  7.3
Invocations    | 1 2 3 4 5 |  5.7
Short Blades   | 1 2 3 5 |  5.2
Long Blades    | 1 2 3 5 |  5.2
Axes           | 1 2 3 5 |  5.2
Maces & Flails | 1 2 3 5 |  5.2
Polearms       | 1 2 3 5 |  5.2
Staves         | 1 2 3 5 |  5.2
Slings         | 1 2 3 5 |  5.2
Bows           | 1 2 3 5 |  5.2
Crossbows      | 1 2 3 5 |  5.2
Throwing       | 1 2 3 5 |  5.2
Armour         | 1 2 3 5 |  5.2
Stealth        | 1 2 3 5 |  5.2
Shields        | 1 2 3 5 |  5.2
Evocations     | 1 2 3 5 |  5.2
Conjurations   | 1 2 3 4 |  4.3
Hexes          | 1 2 3 4 |  4.3
Summonings     | 1 2 3 4 |  4.3
Necromancy     | 1 2 3 4 |  4.3
Translocations | 1 2 3 4 |  4.3
Fire Magic     | 1 2 3 4 |  4.3
Ice Magic      | 1 2 3 4 |  4.3
Air Magic      | 1 2 3 4 |  4.3
Earth Magic    | 1 2 3 4 |  4.3
Poison Magic   | 1 2 3 4 |  4.3
Fighting       | 3 4 5 |  5.8
Dodging        | 5 6 7 |  7.0
Transmutations | 4 5 |  5.8
Unarmed Combat | 7 8 |  8.4

Action                   |  1- 3 |  4- 6 |  7- 9 | 10-12 || total
-------------------------+-------+-------+-------+-------++-------
Melee: Unarmed           |   122 |   119 |   313 |    32 ||   586
       Bite              |     5 |     5 |     8 |       ||    18
       Punch             |     4 |     1 |     6 |       ||    11
       Kick              |     2 |       |     1 |       ||     3
       Headbutt          |     3 |       |     3 |       ||     6
 Cast: Beastly Appendage |     8 |     2 |     2 |       ||    12
       Wereblood         |     1 |     2 |     6 |     2 ||    11
       Spider Form       |       |     6 |    12 |       ||    18
       Ice Form          |       |       |     8 |     2 ||    10
       Poisonous Vapours |       |       |     3 |       ||     3
  Use: Potion            |       |     1 |     1 |       ||     2
       Scroll            |       |       |    11 |       ||    11
 Stab: Sleeping          |     1 |     2 |     3 |       ||     6
Armor: Robe              |    15 |    14 |    20 |       ||    49
       Skin              |       |       |    26 |     7 ||    33
Dodge: Dodged            |    73 |    58 |   221 |    20 ||   372
Block: Other             |       |       |     5 |     3 ||     8
